Map: Triton LE

Players

Stendec - Winner!

  • Race: Zerg Zerg
  • League: Master
  • Spawn Location: 11:00

Mez

  • Race: Terran Terran
  • League: Master
  • Spawn Location: 5:00

VOD

Have the link to the VOD?

Description

Time

  • Played on: Sept. 4, 2019, 9:57 a.m.
  • Length: 11:47
Show
View Real Time Build Order
Export as new Build Order

Stendec Zerg - Winner!

Build Orders: Hatch First, Roach Nydus 

Get SALT Encoding   

  12  0:00  Drone  
  13  0:12  Overlord  
  13  0:16  Drone  
  14  0:30  Drone x2  
  14  0:34  Drone  
  17  0:52  Hatchery  
  17  0:54  Drone  
  17  0:57  Drone  
  18  1:08  Extractor  
  17  1:13  Spawning Pool  
  17  1:15  Drone  
  17  1:18  Drone  
  18  1:28  Drone  
  19  1:39  Overlord  
  19  1:50  Drone  
  20  2:00  Queen, Zergling x2  
  23  2:04  Queen, Zergling x2  
  26  2:08  Metabolic Boost  
  26  2:13  Drone  
  27  2:17  Drone  
  27  2:21  Drone  
  28  2:39  Queen  
  30  2:46  Drone x2  
  30  2:47  Overlord, Drone  
  30  2:48  Overlord  
  33  3:01  Drone x2  
  35  3:11  Hatchery  
  34  3:21  Drone x6  
  34  3:24  Extractor  
  34  3:25  Lair  
  38  3:32  Zergling x2  
  38  3:33  Zergling x2  
  40  3:44  Drone x2  
  40  3:47  Roach Warren  
  41  3:58  Drone x3  
  41  3:59  Overlord x3  
  44  4:08  Queen  
  46  4:23  Queen  
  46  4:30  Nydus Network  
  45  4:31  Roach  
  45  4:32  Roach x4  
  55  4:41  Roach x2  
  55  4:42  Roach x2  
  63  4:51  Roach x2  
  66  5:14  Nydus Canal  
  64  5:18  Roach x3  
  70  5:43  Nydus Canal  
  70  5:47  Drone  
  70  5:48  Drone x8  
  79  5:53  Drone x3  
  79  5:55  Extractor  
  81  5:57  Extractor  
  74  6:41  Overlord x6  
  74  6:48  Evolution Chamber  
  74  6:49  Queen, Evolution Chamber  
  74  6:50  Queen  
  74  6:52  Queen  
  70  7:02  Drone x3  
  70  7:03  Drone x2  
  70  7:04  Drone x3  
  70  7:07  Glial Reconstitution  
  78  7:16  Zerg Ground Armor Level 1, Zerg Missile Weapons Level 1  
  78  7:37  Overseer x3  
  78  7:43  Drone  
  78  7:44  Drone x5  
  82  7:45  Roach x2  
  82  7:46  Roach x4  
  96  8:00  Drone x3, Extractor  
  96  8:01  Extractor  
  97  8:17  Roach  
  97  8:18  Roach x3  
  105  8:20  Overlord x4  
  93  8:47  Drone  
  93  8:48  Drone x2  
  94  8:49  Drone x2  
  94  8:50  Drone  
  94  8:53  Roach  
  94  8:54  Roach x7  
  113  9:10  Overlord x4  
  113  9:12  Queen  
  113  9:13  Zerg Missile Weapons Level 2  
  113  9:14  Zerg Ground Armor Level 2  
  113  9:16  Roach x4  
  123  9:18  Ravager x2  
  123  9:20  Ravager  
  123  9:21  Ravager x2  
  128  9:27  Roach x5  
  140  9:45  Roach  
  140  9:46  Roach x9  
  140  9:49  Ravager x4  
  159  10:18  Roach x5  
  169  10:27  Overlord x7  
  169  10:41  Nydus Canal  
  169  10:45  Roach x9  
  187  10:56  Roach  
  199  10:57  Roach x5  
  168  11:25  Roach  
  168  11:26  Roach x9  
Show
View Real Time Build Order
Export as new Build Order

Mez Terran 

Build Orders: Liberator Opening, Reaper Expand 

Get SALT Encoding   

  12  0:01  SCV  
  13  0:13  SCV  
  14  0:17  Supply Depot  
  14  0:25  SCV  
  15  0:39  SCV  
  15  0:40  Barracks  
  16  0:44  Refinery  
  16  0:51  SCV  
  17  1:03  SCV  
  18  1:16  SCV  
  19  1:27  Reaper  
  19  1:28  Orbital Command  
  20  1:40  Command Center  
  20  1:48  Supply Depot  
  20  1:54  SCV  
  20  1:59  Marine  
  22  2:06  SCV  
  23  2:11  Factory  
  23  2:14  Refinery  
  23  2:23  Barracks Reactor  
  23  2:27  SCV  
  24  2:39  SCV  
  25  2:51  SCV  
  25  2:53  Orbital Command  
  26  3:03  Starport  
  26  3:10  SCV  
  26  3:11  Hellion x2  
  30  3:24  Liberator  
  30  3:25  SCV x2  
  32  3:35  Hellion x2  
  32  3:36  Supply Depot, Barracks Tech Lab  
  39  3:43  SCV x2  
  41  3:55  SCV x2  
  43  3:56  Marine  
  43  3:59  Hellion  
  43  4:00  Hellion  
  48  4:06  Supply Depot  
  48  4:07  SCV  
  49  4:11  SCV  
  49  4:14  Marine  
  51  4:19  SCV  
  52  4:28  SCV  
  53  4:31  SCV  
  53  4:34  Starport Reactor  
  53  4:36  Command Center  
  54  4:39  Factory Tech Lab  
  54  4:41  Supply Depot  
  54  4:43  Marine  
  54  4:45  Stimpack  
  55  4:47  Barracks x2  
  55  4:52  SCV x2  
  54  5:00  Siege Tank  
  54  5:04  SCV  
  54  5:05  SCV  
  55  5:17  Supply Depot  
  55  5:18  Marine  
  56  5:21  SCV x2  
  58  5:29  Starport Reactor, Engineering Bay  
  58  5:30  Engineering Bay  
  58  5:31  Refinery  
  58  5:33  SCV x2, Refinery  
  58  5:35  Marine, Siege Tank  
  63  5:37  Marine x2  
  58  5:43  Starport Reactor  
  57  5:53  Marine x3  
  57  5:54  SCV  
  57  5:55  Marine x2  
  61  6:11  Marine x2  
  61  6:29  SCV  
  58  6:40  Medivac x2  
  58  6:41  SCV  
  57  7:06  Marine x4  
  61  7:13  Orbital Command  
  61  7:15  Marine  
  60  7:23  Marine  
  61  7:30  Orbital Command  
  61  7:48  Marine x4, SCV x2  
  67  7:58  Supply Depot  
  67  8:00  Supply Depot  
  67  8:01  Supply Depot  
  58  8:30  Marine x4  
  58  8:31  Marine  
  58  8:32  SCV x2  
  50  8:45  SCV x3  
  50  8:48  Marine x2  
  50  8:49  Terran Infantry Armor Level 1, Terran Infantry Weapons Level 1  
  50  8:53  Marine x3  
  55  8:57  SCV  
  55  9:02  SCV x2  
  58  9:09  SCV, Barracks  
  59  9:10  Barracks  
  59  9:13  Marine x5  
  64  9:18  SCV x2  
  64  9:21  Supply Depot  
  64  9:22  SCV  
  67  9:27  Supply Depot  
  67  9:30  Marine  
  68  9:33  Siege Tank  
  68  9:34  Marine x3, Medivac x2  
  68  9:36  SCV  
  68  9:38  SCV x2  
  81  9:48  SCV  
  81  9:50  SCV x2  
  81  9:52  Marine x2  
  86  9:54  Combat Shield  
  85  10:00  SCV  
  85  10:02  SCV  
  86  10:12  Marine x4  
  86  10:13  Siege Tank, Barracks Reactor x2  
  87  10:14  SCV x3  
  87  10:15  Medivac x2  
  94  10:26  SCV x3  
  97  10:28  Marine  
  97  10:30  Marine x3  
  97  10:34  Command Center  
  97  10:35  Armory  
  101  10:38  SCV x3  
  101  10:41  Marine  
  105  10:46  Marine, Refinery  
  105  10:47  Factory  
  101  10:50  SCV x2  
  101  10:55  Marine x3  
  101  10:56  Marine x3  
  99  10:57  Siege Tank  
  99  11:04  Marine x2  
  90  11:22  Marine x3  
  90  11:23  Marine x5  
  90  11:24  Marine  
Tags
 
Add a new tag
Caveats
  • Supply blocks, unpowered buildings, or Contaminate may cause inaccurate times.
  • Supply counts are checked every 10 seconds.